Map: Eternal Empire LE

Players

LiquidClem (Clem) - Winner!

  • Race: Terran Terran
  • League: Bronze
  • Spawn Location: 1:00

Ragnarok (SHIN)

  • Race: Zerg Zerg
  • League: Diamond
  • Spawn Location: 7:00

Event: War Chest Team League

VOD

Have the link to the VOD?

Description

Time

  • Played on: Aug. 7, 2020, 5:12 a.m.
  • Length: 8:54
Show
View Real Time Build Order
Export as new Build Order

LiquidClem Terran - Winner!

Build Orders: Liberator Opening, Reaper Expand 

Get SALT Encoding   

  12  0:00  SCV  
  13  0:12  SCV  
  14  0:17  Supply Depot  
  14  0:24  SCV  
  15  0:38  SCV  
  15  0:39  Barracks  
  16  0:43  Refinery  
  16  0:51  SCV  
  17  1:03  SCV  
  18  1:15  SCV  
  19  1:26  Reaper  
  19  1:27  Orbital Command  
  20  1:40  Command Center  
  20  1:49  Supply Depot  
  20  1:53  SCV  
  21  1:59  Marine  
  22  2:05  SCV  
  23  2:12  Factory  
  23  2:15  Refinery  
  23  2:17  SCV  
  23  2:20  Barracks Reactor  
  24  2:29  SCV  
  25  2:41  SCV  
  26  2:53  SCV, Orbital Command  
  26  2:57  Starport  
  27  3:03  Hellion x2  
  27  3:05  SCV  
  32  3:09  Barracks Tech Lab  
  32  3:17  SCV  
  33  3:20  SCV  
  33  3:25  Hellion x2  
  33  3:26  Supply Depot  
  38  3:29  SCV  
  38  3:33  Liberator  
  42  3:35  SCV  
  43  3:41  SCV  
  43  3:47  Hellion  
  43  3:48  Hellion  
  48  3:50  Supply Depot  
  48  3:53  Stimpack  
  48  3:55  SCV x2  
  50  4:07  SCV x2  
  52  4:13  Command Center  
  52  4:19  SCV, Starport Reactor  
  52  4:20  SCV  
  54  4:24  Factory Tech Lab  
  54  4:25  Marine, Barracks  
  54  4:30  Barracks  
  56  4:31  SCV  
  56  4:34  SCV  
  57  4:40  Supply Depot  
  57  4:43  SCV, Marine  
  59  4:46  SCV  
  59  4:52  Engineering Bay  
  60  4:55  Engineering Bay  
  60  4:56  SCV  
  60  4:58  SCV  
  62  5:01  Marine, Siege Tank  
  62  5:04  Supply Depot  
  66  5:08  SCV  
  66  5:09  Starport Reactor  
  66  5:10  SCV  
  66  5:11  Refinery  
  66  5:12  Refinery  
  68  5:18  Marine x2  
  68  5:19  Terran Infantry Weapons Level 1  
  70  5:22  Terran Infantry Armor Level 1  
  70  5:24  Marine  
  70  5:25  SCV x2  
  70  5:26  Orbital Command  
  73  5:29  Marine x2  
  75  5:36  Combat Shield, Marine  
  75  5:37  SCV  
  75  5:38  Marine  
  75  5:39  Supply Depot  
  75  5:42  Marine  
  79  5:44  SCV  
  79  5:47  Marine  
  79  5:49  SCV, Medivac x2, Marine  
  86  5:52  Orbital Command  
  86  5:54  Marine  
  88  5:57  SCV  
  88  5:59  Marine  
  88  6:02  Siege Tank  
  88  6:03  Supply Depot  
  93  6:04  Supply Depot, Marine  
  93  6:06  SCV  
  93  6:09  SCV  
  96  6:13  Marine x2  
  96  6:18  SCV x2  
  100  6:23  Marine  
  100  6:24  Marine  
  102  6:25  Supply Depot, Marine  
  102  6:28  SCV  
  102  6:32  Missile Turret x2  
  101  6:33  Missile Turret  
  101  6:35  Barracks  
  101  6:36  Marine, Barracks  
  102  6:42  Siege Tank  
  105  6:47  Marine x2  
  105  6:48  Supply Depot, Marine x2  
  109  6:54  Armory, SCV  
  109  6:55  SCV  
  108  7:02  Marine  
  108  7:05  Marine x3  
  108  7:06  Medivac  
  109  7:10  Marine  
  109  7:11  Medivac  
  109  7:12  Supply Depot  
  109  7:13  SCV  
  108  7:19  Marine  
  108  7:21  Marine  
  106  7:23  Marine x3  
  106  7:25  Supply Depot  
  106  7:26  Barracks  
  106  7:27  Marine, Barracks  
  106  7:28  Marine  
  106  7:29  Barracks  
  111  7:36  Medivac  
  110  7:38  Marine  
  110  7:42  Siege Tank  
  110  7:43  Medivac  
  103  7:44  Barracks Reactor  
  103  7:45  Marine x3  
  103  7:46  Marine  
  103  7:51  SCV x2  
  101  7:52  SCV  
  101  7:56  Marine  
  101  7:57  Barracks Reactor  
  102  8:03  SCV x2, Supply Depot, Marine  
  102  8:04  SCV  
  102  8:05  Supply Depot, Marine  
  106  8:06  Medivac, Marine  
  106  8:11  Marine  
  111  8:14  Marine  
  111  8:15  Marine x2  
  111  8:16  Marine  
  111  8:19  Supply Depot  
  115  8:21  Marine x2  
  115  8:22  Marine  
  115  8:23  Marine x2  
  123  8:29  Marine  
  123  8:32  Marine  
  123  8:33  Marine x3  
  130  8:35  Marine x2  
  136  8:43  Supply Depot  
Show
View Real Time Build Order
Export as new Build Order

Ragnarok Zerg 

Build Orders: Hatch First, Muta Ling Bane 

Get SALT Encoding   

  12  0:01  Drone  
  13  0:08  Drone  
  14  0:16  Overlord  
  14  0:21  Extractor  
  14  0:23  Drone  
  15  0:36  Drone x2  
  17  0:51  Hatchery  
  17  0:56  Drone  
  17  0:57  Drone  
  18  1:10  Extractor  
  17  1:13  Spawning Pool  
  17  1:16  Drone  
  17  1:19  Drone  
  18  1:27  Drone  
  19  1:55  Overlord, Drone  
  19  2:01  Queen  
  20  2:03  Queen  
  20  2:04  Zergling x4  
  26  2:11  Zergling x2  
  26  2:12  Metabolic Boost  
  26  2:15  Drone  
  28  2:25  Drone x2  
  30  2:32  Drone  
  30  2:35  Drone  
  32  2:38  Queen  
  32  2:43  Overlord  
  34  2:44  Queen  
  36  3:01  Drone  
  36  3:02  Drone x2  
  36  3:04  Drone  
  40  3:13  Drone  
  40  3:14  Drone x2  
  40  3:15  Hatchery  
  40  3:18  Drone  
  40  3:19  Drone  
  44  3:24  Overlord  
  44  3:29  Overlord  
  44  3:35  Lair  
  44  3:43  Drone  
  44  3:44  Drone x4  
  44  3:48  Drone x3  
  52  3:52  Extractor x2  
  52  3:55  Queen  
  52  4:00  Zergling x6  
  56  4:02  Drone  
  56  4:06  Overlord  
  56  4:07  Drone  
  58  4:10  Drone  
  58  4:11  Extractor  
  58  4:15  Drone, Baneling Nest  
  57  4:19  Drone x2  
  57  4:22  Overlord  
  59  4:24  Drone  
  59  4:28  Overlord  
  59  4:29  Drone  
  61  4:33  Spore Crawler  
  61  4:36  Spore Crawler  
  61  4:38  Drone x2  
  61  4:41  Drone  
  61  4:43  Drone  
  63  4:48  Spire  
  63  4:50  Drone  
  63  4:54  Spore Crawler, Drone  
  63  4:57  Zergling x2  
  63  4:58  Drone  
  63  4:59  Drone  
  66  5:01  Drone  
  66  5:04  Overlord  
  67  5:08  Evolution Chamber  
  67  5:09  Drone  
  67  5:14  Drone x3  
  69  5:21  Drone x5  
  74  5:26  Evolution Chamber  
  74  5:27  Overlord  
  74  5:31  Drone x2  
  74  5:32  Drone  
  74  5:34  Overlord  
  77  5:36  Extractor  
  77  5:37  Extractor  
  75  5:52  Drone x2  
  77  5:59  Mutalisk x8  
  77  6:01  Mutalisk  
  95  6:09  Centrifical Hooks  
  95  6:10  Drone x2  
  95  6:11  Drone x2  
  99  6:15  Drone x3  
  102  6:23  Zerg Melee Weapons Level 1  
  102  6:24  Zerg Ground Armor Level 1  
  102  6:26  Zergling x8  
  102  6:30  Drone  
  104  6:35  Hatchery  
  104  6:39  Overlord  
  103  6:41  Zergling x6  
  103  6:42  Baneling x2  
  103  6:44  Baneling x3  
  103  6:45  Baneling  
  106  6:58  Zergling x16  
  106  7:00  Baneling  
  106  7:01  Baneling x7  
  111  7:03  Hatchery  
  111  7:06  Zergling x10  
  110  7:12  Overlord  
  110  7:14  Overlord  
  104  7:21  Zergling x2  
  104  7:22  Zergling x2, Overlord  
  97  7:25  Overlord  
  97  7:28  Overlord  
  97  7:31  Zergling x6  
  97  7:42  Mutalisk x2  
  82  7:51  Hatchery  
  76  7:52  Mutalisk x2  
  76  7:56  Mutalisk x2  
  82  8:02  Mutalisk x2  
  86  8:12  Mutalisk  
  88  8:13  Mutalisk  
  88  8:14  Mutalisk  
  92  8:23  Mutalisk  
  93  8:27  Zergling x4  
  93  8:30  Zergling x2  
  93  8:31  Zergling x4, Overlord  
  93  8:32  Zergling x4  
Tags
 
Add a new tag
Caveats
  • Supply blocks, unpowered buildings, or Contaminate may cause inaccurate times.
  • Supply counts are checked every 10 seconds.